 Dungeon Crawl Stone Soup version 0.19.0-20-gbc5f0c6 (webtiles) character file.

4361 JeffiDaFish the Basher (level 10, -9/61 HPs)
             Began as a Gargoyle Fighter on Nov 18, 2016.
             Was a Follower of Makhleb.
             Killed by an exploding fulminant prism (35 damage)
             ... created by IronCretin's ghost
             ... on level 8 of the Dungeon.
             The game lasted 00:20:22 (6502 turns).

JeffiDaFish the Basher (Gargoyle Fighter)           Turns: 6502, Time: 00:20:23

Health: -9/61      AC: 31    Str: 23    XL:     10   Next: 34%
Magic:  10/10      EV: 11    Int:  8    God:    Makhleb [*.....]
Gold:   503        SH: 13    Dex: 15    Spells: 0 memorised, 9 levels left

rFire  x . .     SeeInvis .     g - +7 flail (protect)
rCold  + . .     Gourm    .     k - +0 plate armour
rNeg   + . .     Faith    .     c - +1 shield
rPois  ∞         Spirit   .     (helmet restricted)
rElec  +         Reflect  .     b - +0 cloak
rCorr  .         Harm     .     (no gloves)
MR     .....                    r - +0 pair of boots
Stlth  ..........               (no amulet)
                                (no ring)
                                e - ring of ice

@: agile, protection aura
A: big wings, horns 1, molten scales 1, negative energy resistance 1,
electricity resistance, unbreathing, petrification resistance, rot immunity, AC
+7
a: Fly, Renounce Religion


You were on level 8 of the Dungeon.
You worshipped Makhleb.
Makhleb was aware of your devotion.
You were hungry.

You visited 2 branches of the dungeon, and saw 9 of its levels.

You collected 503 gold pieces.

Inventory:

Hand Weapons
 g - a +7 flail of protection (weapon)
Armour
 b - a +0 cloak (worn)
 c - a +1 shield (worn)
 k - a +0 plate armour (worn)
 n - a +2 helmet
 r - a +0 pair of boots (worn)
Jewellery
 e - a ring of ice (left hand)
Scrolls
 a - a scroll of recharging
 d - a scroll of fear
 i - 9 scrolls of identify
 j - 7 scrolls of remove curse
 l - 5 scrolls of teleportation
Potions
 o - a potion of agility
 p - a potion of magic
 q - a potion of flight
 s - 3 potions of resistance
Books
 u - a book of Flames

   Spells                             Type                      Level
   a - Flame Tongue                   Conjuration/Fire             1
   b - Throw Flame                    Conjuration/Fire             2
   c - Conjure Flame                  Conjuration/Fire             3
   d - Inner Flame                    Hexes/Fire                   3
   e - Sticky Flame                   Conjuration/Fire             4
   f - Fireball                       Conjuration/Fire             5
Comestibles
 f - 14 bread rations
 h - a slice of pizza
 m - 3 fruits
 t - 8 chunks of flesh


   Skills:
 + Level 6.9 Fighting
 + Level 9.8 Maces & Flails
 + Level 7.1 Armour
 + Level 2.3 Dodging
 + Level 1.2 Stealth
 + Level 8.4 Shields


You had 9 spell levels left.
You didn't know any spells.

Dungeon Overview and Level Annotations

Branches:
Dungeon (8/15)             Temple (1/1) D:7
   Lair: D:8-11

Altars:
Ashenzari
Cheibriados
Dithmenos
Elyvilon
Fedhas
Hepliaklqana
Kikubaaqudgha
Makhleb
Nemelex Xobeh
Qazlal
Ru
Sif Muna
Trog
Uskayaw
Vehumet
Xom
Yredelemnul
Zin
The Shining One


Innate Abilities, Weirdness & Mutations

You are resistant to torment.
Your stone body is resilient. (AC +7)
You are immune to poison.
You resist negative energy. (rN+)
You are resistant to electric shocks. (rElec)
You can survive without breathing.
You are immune to petrification.
You are immune to rotting.
Your large and strong wings let you fly indefinitely.
You have a pair of small horns on your head.
You are partially covered in molten scales. (AC +2)


Message History

You headbutt IronCretin's ghost, but do no damage.
IronCretin's ghost is almost destroyed.
IronCretin's ghost points at you and mumbles some strange words.
IronCretin's ghost conjures a prism of explosive energy!
A wight and a fulminant prism come into view.
Your plate armour prevents you from hitting IronCretin's ghost.
IronCretin's ghost is almost destroyed.
You block IronCretin's ghost's attack.
The fulminant prism crackles loudly.
You sock IronCretin's ghost!
You destroy IronCretin's ghost!
Makhleb accepts your kill. You block the bullfrog zombie's attack.
Unknown command.
You closely miss the bullfrog zombie. You headbutt the bullfrog zombie.
The bullfrog zombie is lightly damaged.
The fulminant prism explodes!
The blast of energy engulfs you!
Ouch! That really hurt!
You die...

##.# #.# #.# #.#
#.# #.# #.# #.#
##.## #.#
##...###### #.#
#.........# #.#
#....####.######..
#@#...............
#Z#######.######..
z.. #..........
z###. #).######..
.z .% # #>. .. .#
#.. ... .# ##. ###
. #. ..


You could see 3 wights and a bullfrog zombie.

Vanquished Creatures
  The ghost of Potronius the Carver, a novice DrGl of Okawaru (D:7)
  The ghost of IronCretin the Destroyer, a novice DECj (D:8)
  The ghost of CountDeLaPain the Shield-Bearer, a novice HaFi (D:5)
  A troll (D:8)
  Grinder (D:4)
  The ghost of Shadowablaze the Sneak, an amateur HaFE of Dithmenos (D:4)
  A spriggan (D:8)
  Edmund (D:4)
  An orc warrior (D:7)
  2 ice beasts (D:8)
  2 black bears (D:8)
  4 ogres
  2 centaurs (D:5)
  A big kobold (D:7)
  6 bullfrogs
  A scorpion (D:4)
  2 howler monkeys
  4 crimson imps
  A hound (D:8)
  2 jellies
  3 orc priests
  A bullfrog skeleton (D:8)
  2 iguanas
  4 orc wizards
  4 worker ants
  A hound zombie (D:8)
  Robin (D:2)
  9 adders
  2 shadow imps
  2 oozes
  An adder skeleton (D:5)
  5 worms
  4 dart slugs
  4 leopard geckos
  20 orcs
  2 giant cockroaches
  22 goblins
  12 hobgoblins
  8 jackals
  13 kobolds
  2 quokkas
  A ball python (D:2)
  6 bats
  3 frilled lizards
  A giant cockroach zombie (D:6)
  2 gnoll zombies (D:5)
  2 leopard gecko skeletons
  A leopard gecko zombie (D:5)
  10 rats
184 creatures vanquished.

Vanquished Creatures (others)
  A fulminant prism (D:8)
1 creature vanquished.

Grand Total: 185 creatures vanquished

Notes
Turn   | Place    | Note
-------+----------+-------------------------------------------
     0 | D:1      | JeffiDaFish the Gargoyle Fighter began the quest for the Orb.
     0 | D:1      | Reached XP level 1. HP: 14/14 MP: 1/1
     3 | D:1      | Noticed an electric eel
     3 | D:1      | Noticed an electric eel
    89 | D:1      | Reached XP level 2. HP: 9/19 MP: 2/2
   637 | D:1      | Reached XP level 3. HP: 24/24 MP: 3/3
  1140 | D:2      | Reached XP level 4. HP: 29/29 MP: 4/4
  1209 | D:2      | Noticed Robin
  1240 | D:2      | Killed Robin
  1240 | D:2      | Reached skill level 3 in Maces & Flails
  1879 | D:3      | Reached XP level 5. HP: 33/33 MP: 5/5
  2166 | D:3      | Found a stormy altar of Qazlal.
  2220 | D:3      | Found a white marble altar of Elyvilon.
  2238 | D:3      | Reached skill level 4 in Maces & Flails
  2238 | D:3      | Reached skill level 1 in Dodging
  2465 | D:3      | Reached XP level 6. HP: 38/38 MP: 6/6
  2594 | D:4      | Noticed Shadowablaze's ghost (amateur HaFE)
  2606 | D:4      | Killed Shadowablaze's ghost
  2606 | D:4      | Reached skill level 5 in Maces & Flails
  2726 | D:4      | Found a hazy altar of Hepliaklqana.
  2740 | D:4      | Noticed Edmund
  2743 | D:4      | Reached XP level 7. HP: 43/43 MP: 7/7
  2771 | D:4      | Killed Edmund
  2771 | D:4      | Reached skill level 5 in Shields
  3111 | D:4      | Noticed Grinder
  3119 | D:4      | Killed Grinder
  3119 | D:4      | Reached skill level 6 in Maces & Flails
  3119 | D:4      | Reached XP level 8. HP: 36/48 MP: 8/8
  3177 | D:4      | Reached skill level 5 in Armour
  3246 | D:4      | Found a snail-covered altar of Cheibriados.
  3431 | D:5      | Entered Level 5 of the Dungeon
  3433 | D:5      | Noticed CountDeLaPain's ghost (novice HaFi)
  3447 | D:5      | Killed CountDeLaPain's ghost
  3447 | D:5      | Reached skill level 5 in Fighting
  3447 | D:5      | Reached skill level 7 in Maces & Flails
  4001 | D:5      | Found a basalt altar of Yredelemnul.
  4056 | D:5      | Reached XP level 9. HP: 52/54 MP: 9/9
  4216 | D:6      | Reached skill level 8 in Maces & Flails
  4303 | D:6      | Found a basalt altar of Yredelemnul.
  4458 | D:6      | Found a radiant altar of Vehumet.
  4813 | D:7      | Noticed Potronius's ghost (novice DrGl)
  4823 | D:7      | Killed Potronius's ghost
  4823 | D:7      | Reached skill level 1 in Stealth
  5110 | D:7      | Found a staircase to the Ecumenical Temple.
  5118 | Temple   | Entered the Ecumenical Temple
  5288 | Temple   | Became a worshipper of Makhleb the Destroyer
  5359 | D:7      | Reached skill level 9 in Maces & Flails
  5959 | D:8      | Found a hide-covered altar of Uskayaw.
  5975 | D:8      | Noticed a troll
  5982 | D:8      | Reached * piety under Makhleb
  5989 | D:8      | Killed a troll
  5989 | D:8      | Reached XP level 10. HP: 27/61 MP: 10/10
  5990 | D:8      | Got a crude whip
  5991 | D:8      | Identified the cursed +0 whip "Trog's Hatred" {flame, rC++ Dex+4} (You found it on level 8 of the Dungeon)
  6316 | D:8      | Gained mutation: Your large and strong wings let you fly indefinitely. [potion of mutation]
  6316 | D:8      | Gained mutation: You have a pair of small horns on your head. [potion of mutation]
  6316 | D:8      | Gained mutation: You are partially covered in molten scales. (AC +2) [potion of mutation]
  6488 | D:8      | Noticed IronCretin's ghost (novice DECj)
  6501 | D:8      | Killed IronCretin's ghost
  6502 | D:8      | Killed by an exploding fulminant prism

Skill      XL: |  1  2  3  4  5  6  7  8  9 10 |
---------------+-------------------------------+-----
Shields        | 4 5 6 8 |  8.4
Maces & Flails | 3 4 5 6 7 9 |  9.8
Armour         | 4 5 6 7 |  7.1
Dodging        | 1 2 |  2.3
Fighting       | 4 5 6 |  6.9
Stealth        | 1 |  1.2

Action                   |  1- 3 |  4- 6 |  7- 9 | 10-12 || total
-------------------------+-------+-------+-------+-------++-------
Melee: Flail             |   128 |   227 |   290 |    70 ||   715
       Headbutt          |       |       |       |     7 ||     7
  Use: Potion            |     3 |     8 |     4 |     2 ||    17
       Scroll            |     3 |     7 |     5 |     1 ||    16
  Eat: Chunk             |     1 |     6 |    11 |     1 ||    19
Armor: Scale mail        |    67 |   118 |    31 |       ||   216
       Chain mail        |       |       |    99 |    13 ||   112
       Plate armour      |       |       |       |    16 ||    16
Dodge: Dodged            |    47 |    66 |    74 |     7 ||   194
Block: Shield            |    65 |   141 |   158 |    35 ||   399
